Map: Station Proxima EC

Players

zidar

  • Race: Zerg Zerg
  • League: Gold
  • Spawn Location: 1:00

tfg - Winner!

  • Race: Protoss Protoss
  • League: Gold
  • Spawn Location: 7:00

VOD

Have the link to the VOD?

Description

Time

  • Played on: June 27, 2017, 3:16 p.m.
  • Length: 11:53
Show
View Real Time Build Order
Export as new Build Order

zidar Zerg 

Build Orders: Hatch First 

Get SALT Encoding   

  12  0:01  Drone  
  13  0:12  Overlord  
  13  0:17  Drone  
  14  0:31  Drone x2  
  16  0:52  Hatchery  
  16  0:55  Drone  
  16  1:00  Extractor  
  16  1:01  Drone  
  16  1:19  Spawning Pool  
  16  1:23  Drone  
  16  1:27  Drone  
  17  1:34  Drone  
  17  1:39  Drone  
  19  2:09  Metabolic Boost  
  19  2:11  Hatchery  
  17  2:23  Queen  
  19  2:32  Queen  
  21  2:39  Zergling x2  
  21  2:40  Zergling x2  
  23  2:44  Zergling x2  
  24  2:53  Overlord  
  24  3:11  Queen  
  26  3:24  Roach Warren  
  26  3:25  Extractor  
  24  3:30  Pneumatized Carapace  
  24  3:37  Drone x2  
  24  3:38  Drone  
  27  3:42  Drone  
  28  4:01  Lair  
  28  4:04  Drone x2  
  28  4:07  Drone  
  31  4:13  Extractor  
  30  4:55  Spore Crawler  
  30  4:56  Spore Crawler  
  28  5:01  Spore Crawler  
  27  5:10  Hydralisk Den  
  26  5:17  Spore Crawler  
  26  5:19  Spore Crawler  
  26  5:20  Drone x8  
  32  5:35  Overlord  
  32  5:44  Drone x2  
  34  5:54  Drone x4  
  32  6:41  Hydralisk x5  
  32  6:45  Overlord x2  
  32  6:46  Overlord x2  
  42  6:54  Spore Crawler  
  39  6:56  Drone x3  
  38  7:26  Hydralisk  
  38  7:27  Hydralisk x4  
  45  8:02  Hydralisk x7  
  59  8:06  Drone  
  59  8:07  Drone  
  61  8:19  Queen  
  63  8:32  Drone x5  
  68  8:36  Drone x2  
  68  8:38  Drone  
  71  8:48  Drone  
  71  8:52  Drone x2  
  74  8:56  Extractor  
  74  8:57  Overlord x3  
  74  9:01  Drone  
  74  9:08  Evolution Chamber  
  73  9:22  Overseer  
  73  9:33  Muscular Augments  
  73  9:36  Roach x5  
  73  9:37  Roach  
  85  9:40  Hatchery  
  84  10:05  Drone x5  
  89  10:24  Roach  
  89  10:25  Roach  
  89  10:26  Roach x2  
  97  10:35  Overlord x8  
  97  10:40  Overseer  
  75  11:03  Hydralisk x3  
  75  11:04  Hydralisk x7  
  65  11:18  Hydralisk  
  65  11:19  Hydralisk x3  
Show
View Real Time Build Order
Export as new Build Order

tfg Protoss - Winner!

Build Orders: Mass Phoenix 

Get SALT Encoding   

  12  0:01  Probe (Chrono Boost)  
  13  0:11  Probe (Chrono Boost)  
  14  0:23  Pylon  
  14  0:24  Probe (Chrono Boost)  
  15  0:41  Probe (Chrono Boost)  
  16  0:43  Gateway  
  16  0:48  Assimilator  
  16  0:52  Probe (Chrono Boost)  
  17  1:02  Probe (Chrono Boost)  
  19  1:18  Probe (Chrono Boost)  
  19  1:37  Cybernetics Core  
  19  1:44  Probe (Chrono Boost)  
  19  1:45  Nexus  
  20  1:54  Probe (Chrono Boost)  
  20  1:55  Assimilator  
  21  2:06  Probe (Chrono Boost)  
  22  2:31  Pylon  
  22  2:38  Pylon  
  22  2:40  Warp Gate (Chrono Boost)  
  22  2:42  Gateway  
  22  2:49  Mothership Core (Chrono Boost), Adept  
  26  3:07  Probe (Chrono Boost)  
  26  3:10  Probe (Chrono Boost)  
  27  3:18  Probe (Chrono Boost)  
  28  3:22  Probe (Chrono Boost)  
  29  3:32  Probe (Chrono Boost)  
  30  3:36  Stargate  
  30  3:37  Stargate, Probe (Chrono Boost)  
  31  3:41  Assimilator  
  31  3:48  Probe  
  32  3:52  Gateway  
  32  3:58  Probe  
  32  4:00  Probe  
  34  4:08  Probe  
  34  4:15  Probe  
  36  4:20  Probe  
  36  4:21  Phoenix x2 (Chrono Boost)  
  41  4:53  Phoenix x2 (Chrono Boost)  
  41  4:55  Probe  
  46  5:15  Forge  
  46  5:19  Pylon  
  46  5:21  Phoenix (Chrono Boost)  
  46  5:25  Pylon  
  46  5:27  Phoenix (Chrono Boost)  
  50  5:31  Adept  
  50  5:34  Adept  
  54  5:41  Nexus  
  54  5:42  Probe  
  55  5:43  Probe, Pylon  
  56  5:54  Probe  
  56  5:55  Probe  
  56  5:57  Phoenix (Chrono Boost)  
  60  5:58  Phoenix (Chrono Boost)  
  60  6:02  Sentry x2  
  58  6:53  Adept  
  58  6:54  Adept x2  
  64  7:27  Adept x2  
  64  7:28  Adept  
  54  7:53  Adept  
  54  7:54  Adept x2  
  58  8:05  Gateway  
  58  8:07  Gateway  
  58  8:10  Gateway  
  58  8:12  Gateway  
  58  8:13  Protoss Ground Weapons Level 1 (Chrono Boost)  
  58  8:15  Twilight Council  
  58  8:17  Adept x3  
  58  8:18  Probe  
  58  8:19  Pylon  
  65  8:21  Pylon  
  65  8:28  Probe  
  65  8:29  Probe  
  65  8:30  Gateway  
  65  8:34  Assimilator  
  67  8:37  Oracle (Chrono Boost)  
  67  8:39  Probe, Resonating Glaives  
  67  8:41  Probe  
  72  8:49  Probe  
  73  8:56  Templar Archives  
  73  9:02  Adept x3  
  79  9:05  Probe  
  80  9:11  Adept x2  
  80  9:12  Adept x2  
  80  9:15  Probe  
  90  9:24  Probe  
  90  9:26  Probe  
  91  9:34  High Templar x4  
  91  9:36  Probe  
  100  9:39  Archon x2  
  100  9:58  Sentry  
  100  9:59  Sentry  
  104  10:06  Zealot x2  
  108  10:16  Probe  
  108  10:20  Pylon  
  109  10:24  Pylon  
  109  10:30  Pylon  
  109  10:36  Probe  
  109  10:39  Adept x3  
  116  10:42  Adept  
  116  10:43  Adept x3  
  116  10:47  Probe  
  87  11:05  Adept x4  
  87  11:06  Adept x4  
  103  11:34  Stalker  
  103  11:35  Stalker x6  
Tags
 
Composition
Mass Phoenix
League
GoldGold
Matchup
PvZ
Spawn Locations
Cross Positions
Add a new tag
Caveats
  • Supply blocks, unpowered buildings, or Contaminate may cause inaccurate times.
  • Supply counts are checked every 10 seconds.